 Seeded DCSS version 0.29.0-7-g18a832c13a (webtiles) character file.

Game seed: 12000577330692370450 (custom seed)

13535 flotson the Fighter (level 11, -3/129 HPs)
             Began as a Demonspawn Delver on Aug 30, 2022.
             Was an Initiate of Gozag.
             Slain by a troll (7 damage)
             ... on level 1 of the Orcish Mines.
             The game lasted 00:39:31 (18532 turns).

flotson the Fighter (Demonspawn Delver)            Turns: 18532, Time: 00:39:32

Health: -3/129     AC: 22    Str: 22    XL:     11   Next: 76%
Magic:  0/11       EV:  6    Int:  8    God:    Gozag
Gold:   2143       SH: 15    Dex: 16    Spells: 10/10 levels left

rFire   + . .      SeeInvis .   n - +2 hand axe (freeze)
rCold   . . .      Faith    .   w - +0 tower shield
rNeg    . . .      Spirit   +   j - +2 plate armour {rF+}
rPois   .          Reflect  .   D - +0 helmet
rElec   .          Harm     .   O - scarf {repulsion}
rCorr   .          Rampage  .   (gloves unavailable)
Will    ++...      Rage     50% C - +0 pair of boots
Stlth   ..........              f - necklace of Bloodlust {*Rage Will++ Int-3 Slay+6}
HPRegen 0.31/turn               o - +6 ring of strength
MPRegen 0.24/turn               M - +4 ring of protection

@: mighty, berserking, gold aura, studying Axes, silenced, repel missiles, very
quick
A: magic shield, magic regeneration, magic link, sharp scales 1, demonic touch 3
a: Renounce Religion


You were on level 1 of the Orcish Mines.
You worshipped Gozag.
Gozag was most pleased with you.
You visited 4 branches of the dungeon, and saw 13 of its levels.
You also visited: Bailey.

You collected 2269 gold pieces.
You paid 126 gold pieces to Gozag.

Inventory:

Hand Weapons
 n - a +2 hand axe of freezing (weapon)
 K - a +2 whip of electrocution
Missiles
 l - 4 boomerangs
 p - a curare-tipped dart (quivered)
 q - 19 poisoned darts
 x - 3 boomerangs of dispersal
Armour
 j - a +2 plate armour of fire resistance (worn)
 w - a +0 tower shield (worn)
 A - a +2 leather armour of poison resistance
 C - a +0 pair of boots (worn)
 D - a +0 helmet (worn)
 L - the +3 leather armour of Exclusion {rN+ Will+ Stlth+}
   (You found it on level 7 of the Dungeon)

   rN:        It protects you from negative energy.
   Will:      It increases your willpower.
   Stlth:     It makes you more stealthy.
 O - a scarf of repulsion (worn)
Jewellery
 f - the necklace of Bloodlust (around neck) {*Rage Will++ Int-3 Slay+6}
   (You found it on level 1 of the Orcish Mines)

   [amulet of nothing]

   It extends the wearer's berserk rage when killing foes.
   Int:       It affects your intelligence (-3).
   Slay:      It affects your accuracy & damage with ranged weapons and melee
   (+6).
   *Rage:     It berserks you when you make melee attacks (+50% chance).
   Will:      It greatly increases your willpower.
 g - a ring of flight
 m - a ring of fire
 o - a +6 ring of strength (left hand)
 I - an amulet of magic regeneration
 M - a +4 ring of protection (right hand)
Wands
 H - a wand of mindburst (3)
Scrolls
 c - 6 scrolls of fog
 d - 2 scrolls of amnesia {unknown}
 e - 2 scrolls of teleportation
 h - 2 scrolls of enchant weapon {unknown}
 i - a scroll of magic mapping
 r - 3 scrolls of noise {unknown}
 s - 2 scrolls of enchant armour {unknown}
 u - 4 scrolls of vulnerability {unknown}
 y - a scroll of acquirement {unknown}
 B - a scroll of fear
 F - 2 scrolls of immolation {unknown}
 J - 2 scrolls of brand weapon {unknown}
Potions
 b - 3 potions of attraction
 k - 2 potions of mutation
 t - a potion of lignification
 v - 3 potions of might
 z - a potion of resistance
 N - a potion of berserk rage
Miscellaneous
 a - a lightning rod (inert)


   Skills:
 + Level 8.0 Fighting
 + Level 6.9 Axes
 + Level 6.5 Throwing
 + Level 6.6 Armour
 + Level 7.0 Dodging
 - Level 4.5 Stealth
 + Level 6.2 Shields
 + Level 7.2 Evocations


You had 10 spell levels left.
You didn't know any spells.
Your spell library contained the following spells:

 Spells                   Type           Power      Damage    Failure   Level
 Apportation              Tloc           0%         N/A       100%        1
 Magic Dart               Conj           0%         1d3       100%        1
 Necrotise                Necr           0%         1d4       100%        1
 Summon Small Mammal      Summ           0%         N/A       100%        1
 Blink                    Tloc           0%         N/A       100%        2
 Call Imp                 Summ           0%         N/A       100%        2
 Scorch                   Fire           0%         2d5       100%        2
 Lesser Beckoning         Tloc           0%         N/A       100%        3
 Mephitic Cloud           Conj/Pois/Air  0%         N/A       100%        3
 Ozocubu's Armour         Ice            0%         N/A       100%        3
 Flame Wave               Conj/Fire      0%         2d4       100%        4
 Petrify                  Tmut/Erth      0%         N/A       100%        4
 Iskenderun's Battlesphe  Conj           0%         2d6       100%        5
 Manifold Assault         Tloc           0%         N/A       100%        5
 Metabolic Englaciation   Hex/Ice        0%         N/A       100%        5
 Iron Shot                Conj/Erth      0%         9d1       100%        6
 Statue Form              Tmut/Erth      0%         N/A       100%        6
 Summon Cactus Giant      Summ           0%         N/A       100%        6
 Ozocubu's Refrigeration  Ice            0%         4d7       100%        7
 Spellforged Servitor     Conj/Summ      0%         N/A       100%        7


Dungeon Overview and Level Annotations

Branches:
Dungeon (10/15)            Temple (1/1) D:7            Lair (1/5) D:8
    Orc (1/2) D:9          Bailey (visited)

Altars:
Cheibriados
Fedhas
Gozag
Hepliaklqana
Kikubaaqudgha
Makhleb
Okawaru
Ru
Sif Muna
Trog
Uskayaw
Vehumet

Annotations:
Orc:1 1 transporter, 1 runed translucent door


Innate Abilities, Weirdness & Mutations

When hurt, damage is shared between your health and your magic reserves.
You regenerate magic rapidly.
When low on magic, you restore magic in place of health.
You are partially covered in razor-sharp scales. (AC +1, Slay +1)
Your touch may irresistibly damage your foes and sap their willpower.


Message History

You block the troll's attack. The troll barely misses you. The troll claws you!
You block the cyclops's attack.
The moth of wrath goads the troll on!
The troll goes berserk!
The troll bites you but does no damage. The troll claws you! x2
Unknown command.
Your +2 whip of electrocution stops crackling.
Your +2 hand axe of freezing glows with a cold blue light!
n - a +2 hand axe of freezing (weapon)
You barely miss the troll. You slash the two-headed ogre!
You freeze the two-headed ogre. You slash the cyclops! You freeze the cyclops.
The troll bites you but does no damage. You block the troll's attack.
The troll claws you but does no damage.
The two-headed ogre hits you with a +0 giant club!!
The two-headed ogre hits you but does no damage.
You block the cyclops's attack.
You slash the cyclops! You freeze the cyclops.
The cyclops is almost dead.
You barely miss the troll. You slash the two-headed ogre!
You freeze the two-headed ogre. You block the troll's attack.
The troll claws you but does no damage. x2; You block the cyclops's attack.
The two-headed ogre barely misses you.
The two-headed ogre hits you with a +0 giant club!
You block the troll's attack. The troll claws you.
The troll claws you but does no damage.
You slice the cyclops!! You freeze the cyclops.
You kill the cyclops!
You slash the troll! You freeze the troll. You slash the two-headed ogre!
You freeze the two-headed ogre. The troll bites you but does no damage.
You block the troll's attack. The troll claws you but does no damage.
The two-headed ogre hits you with a +0 giant club!
* * * LOW HITPOINT WARNING * * *
The two-headed ogre hits you with a +0 giant club!!
* * * LOW HITPOINT WARNING * * *
The ogre mage is distracted by your dazzling golden aura.
You are too berserk!
You closely miss the troll. You hit the troll. You freeze the troll.
You hit the two-headed ogre. You freeze the two-headed ogre.
The troll bites you but does no damage. The troll claws you!
You die...
Your body crumbles into a pile of gold.

###.©.###
#y#####y#
##########
##..'.©.+..
##...'...+..
###.)..#...#...
#°#.)#######
###..#y##W##
#y#.@####+####..#
#O#OTT..._[$$...#
#o#....$?)!$....#
#O#..⌠..$()..⌠..#
#e#.............#
###.............#
###############
#y#°###### °# #
#####..©..# #


You could see a deep elf elementalist (repels missiles), a two-headed ogre
(berserk), 2 ogre magi, 4 moths of wrath, 2 trolls and an orc sorcerer.

Vanquished Creatures
  An ettin (Orc:1)
  2 two-headed ogres
  3 orc knights
  A deep elf pyromancer (Bailey)
  Pikel (D:4)
  A cyclops (Orc:1)
  4 trolls
  5 yaks
  A shadow (D:8)
  A wraith (D:10)
  A wyvern (D:9)
  2 vampire mosquitoes (D:10)
  2 steam dragons
  2 water moccasins (D:7)
  An acid dragon (D:9)
  16 orc warriors
  A swamp drake (D:9)
  3 black bears
  2 ice beasts
  2 sky beasts
  2 ogres
  2 wolves (D:8)
  5 centaurs
  2 lemures
  3 kobold brigands
  5 bullfrogs
  3 necrophages (D:7)
  A gnoll sergeant (D:6)
  22 wights
  A howler monkey (D:5)
  4 electric eels (D:8)
  11 hounds
  14 orc priests
  Jessica (D:2)
  3 iguanas (D:6)
  5 orc wizards
  8 gnolls
  5 adders
  A white imp (D:8)
  An ufetubus (D:7)
  3 worms
  5 dart slugs
  84 orcs
  7 bats
  6 endoplasms
  3 giant cockroaches
  8 goblins
  5 hobgoblins
  3 quokkas
  6 ball pythons
  16 kobolds
  A rat (D:1)
298 creatures vanquished.

Notes
Turn   | Place    | Note
-------+----------+-------------------------------------------
     0 | D:5      | flotson the Demonspawn Delver began the quest for the Orb.
     0 | D:5      | Reached XP level 1. HP: 18/18 MP: 1/1
    74 | D:5      | Noticed a sky beast
   165 | D:4      | Noticed a hound
   166 | D:4      | Noticed a hound
   419 | D:1      | Found a faded altar of an unknown god.
   469 | D:1      | Gained mutation: Your touch may inflict minor irresistible
                  | damage on your foes. [demonic ancestry]
   469 | D:1      | Reached XP level 2. HP: 17/24 MP: 2/2
  1137 | D:2      | Reached XP level 3. HP: 29/29 MP: 3/3
  1178 | D:2      | Noticed Jessica
  1187 | D:2      | Killed Jessica
  1188 | D:2      | Reached skill level 1 in Armour
  1188 | D:2      | Reached skill level 1 in Evocations
  1461 | D:2      | Gained mutation: You regenerate magic rapidly. [demonic
                  | ancestry]
  1461 | D:2      | Reached XP level 4. HP: 30/35 MP: 4/4
  2171 | D:3      | Found a blossoming altar of Fedhas.
  2173 | D:3      | Found a burning altar of Makhleb.
  2501 | D:3      | Reached skill level 1 in Throwing
  2929 | D:3      | Gained mutation: When hurt, damage is shared between your
                  | health and your magic reserves. [demonic ancestry]
  2929 | D:3      | Reached XP level 5. HP: 15/41 MP: 5/5
  3946 | D:4      | Noticed a black bear
  4121 | D:4      | Noticed a lemure
  4147 | D:4      | Killed a lemure
  4251 | D:4      | Gained mutation: Your touch may inflict irresistible damage
                  | on your foes. [demonic ancestry]
  4251 | D:4      | Reached XP level 6. HP: 28/48 MP: 6/6
  4546 | D:4      | Noticed Pikel
  4882 | D:4      | Reached skill level 1 in Shields
  5054 | D:4      | Killed Pikel
  5055 | D:4      | Reached skill level 4 in Fighting
  5055 | D:4      | Gained mutation: You are partially covered in razor-sharp
                  | scales. (AC +1, Slay +1) [demonic ancestry]
  5055 | D:4      | Reached XP level 7. HP: 33/55 MP: 7/7
  6431 | D:5      | Found an ancient bone altar of Kikubaaqudgha.
  6670 | D:5      | Gained mutation: Your touch may irresistibly damage your
                  | foes and sap their willpower. [demonic ancestry]
  6670 | D:5      | Reached XP level 8. HP: 51/61 MP: 6/8
  7614 | D:6      | Reached skill level 5 in Fighting
  8449 | D:6      | Identified the +11 spear "Tukeizer" {holy, Contam rElec
                  | rF+}
  8573 | D:6      | Gained mutation: When low on magic, you restore magic in
                  | place of health. [demonic ancestry]
  8573 | D:6      | Reached XP level 9. HP: 47/68 MP: 9/9
  9431 | D:7      | Identified the +3 leather armour of Exclusion {rN+ Will+
                  | Stlth+}
  9671 | D:7      | Reached skill level 5 in Dodging
  9898 | D:7      | Found a staircase to the Ecumenical Temple.
  9910 | Temple   | Entered the Ecumenical Temple
  9933 | Temple   | Became a worshipper of Gozag Ym Sagoz the Greedy
 10166 | D:7      | Reached skill level 6 in Fighting
 10402 | D:7      | Reached skill level 5 in Axes
 10402 | D:7      | Reached skill level 5 in Evocations
 10581 | D:8      | Found a hazy altar of Hepliaklqana.
 10596 | D:8      | Found a flagged portal.
 10606 | Bailey   | Entered a bailey
 10939 | Bailey   | Noticed an orc knight
 10962 | Bailey   | Killed an orc knight
 10963 | Bailey   | Reached XP level 10. HP: 40/77 MP: 8/10
 10980 | Bailey   | Reached skill level 5 in Armour
 11238 | Bailey   | Found a large runed translucent door.
 11238 | Bailey   | Found a large runed translucent door.
 11239 | Bailey   | Noticed a deep elf pyromancer
 11330 | Bailey   | Killed a deep elf pyromancer
 11331 | Bailey   | Reached skill level 5 in Throwing
 11692 | D:7      | Reached skill level 5 in Shields
 12833 | D:8      | Found a staircase to the Lair.
 13775 | D:9      | Reached skill level 7 in Fighting
 14123 | D:9      | Noticed a two-headed ogre
 14300 | D:9      | Killed a two-headed ogre
 14301 | D:9      | Reached XP level 11. HP: 82/84 MP: 11/11
 14630 | D:9      | Found a hide-covered altar of Uskayaw.
 14722 | D:9      | Found a staircase to the Orcish Mines.
 15296 | D:9      | Noticed an angel
 15683 | D:10     | Entered Level 10 of the Dungeon
 15985 | D:10     | Noticed a two-headed ogre
 15995 | D:10     | Killed a two-headed ogre
 16179 | D:10     | Found a sacrificial altar of Ru.
 17363 | Lair:1   | Entered Level 1 of the Lair of Beasts
 17363 | Lair:1   | Noticed a death yak
 17363 | Lair:1   | Noticed a death yak
 17363 | Lair:1   | Noticed a death yak
 17364 | Lair:1   | Noticed a death yak
 17366 | Lair:1   | Noticed a death yak
 17801 | Orc:1    | Entered Level 1 of the Orcish Mines
 17940 | Orc:1    | Found a transporter.
 17953 | Orc:1    | Found a transporter.
 17953 | Orc:1    | Found a runed translucent door.
 17953 | Orc:1    | Found a bloodstained altar of Trog.
 17953 | Orc:1    | Found the necklace of Bloodlust {*Rage Will++ Int-3 Slay+6}
 17955 | Orc:1    | Noticed an ogre mage
 17955 | Orc:1    | Noticed an ogre mage
 17956 | Orc:1    | Noticed a deep elf elementalist
 17970 | Orc:1    | Noticed an ettin
 18100 | Orc:1    | Noticed an orc knight
 18100 | Orc:1    | Noticed an orc sorcerer
 18105 | Orc:1    | Killed an ettin
 18108 | Orc:1    | Killed an orc knight
 18114 | Orc:1    | Noticed an orc knight
 18134 | Orc:1    | Killed an orc knight
 18135 | Orc:1    | Reached skill level 8 in Fighting
 18504 | Orc:1    | Noticed a two-headed ogre
 18531 | Orc:1    | HP: 4/129 [two-headed ogre/+0 giant club (21)]
 18532 | Orc:1    | Slain by a troll

Illustrated notes

Levels and vault maps discovered:
D:1:      dpeg_arrival_windows_large_door, layout_basic,
          ebering_ecumenical_altar_rust, nrook_uturn, minmay_pentomino_q4
D:2:      layout_loops_cross, uniq_jessica
D:3:      layout_basic, grunt_temple_overflow_open
D:4:      layout_basic, uniq_pikel
D:5:      layout_rooms, mainiacjoe_overflow_paths, serial_glass,
          glass_columns_a, glass_columns_b
D:6:      layout_gridville, kennysheep_decorative_pillar, serial_park_tiny_2,
          grunt_ministairs_11
D:7:      layout_loops_corners, minmay_temple_entry_steel_oval
D:8:      statuecave_lemuel, layout_rooms, worldfamousw_hep_ancestral_shrine,
          erik_lair_island, enter_bailey_2
D:9:      layout_grid_maze, zin_angel, jmf_multi_god_temple, erik_orc_1
D:10:     layout_basic, mainiacjoe_overflow_chevrons, special_room
          [special_room_orc], grunt_decor_resistance
Temple:   nicolae_temple_superstar
Lair:1:   layout_roguey, gammafunk_ghost_abyssal_escape,
          cheibrodos_lair_caveside_slide
Orc:1:    emtedronai_trogs_sanctum, layout_diamond_mine

Skill      XL: |  1  2  3  4  5  6  7  8  9 10 11 |
---------------+----------------------------------+-----
Axes           | 2 3 4 5 6 |  6.9
Dodging        | 2 3 4 5 6 7 |  7.0
Armour         | 1 2 3 4 5 6 |  6.6
Evocations     | 1 2 3 4 5 6 7 |  7.2
Throwing       | 1 2 3 4 5 6 |  6.5
Shields        | 1 2 3 4 5 6 |  6.2
Fighting       | 4 5 6 7 8 |  8.0
Stealth        | |  4.5

Action                   |  1- 3 |  4- 6 |  7- 9 | 10-12 || total
-------------------------+-------+-------+-------+-------++-------
Melee: Hand axe          |    32 |       |   232 |   471 ||   735
       Dagger            |    29 |   177 |    40 |       ||   246
       Touch             |     9 |     5 |       |       ||    14
       Whip              |       |       |   159 |    43 ||   202
Throw: Boomerang         |     3 |     2 |     6 |    29 ||    40
       Dart              |     2 |     4 |    11 |    17 ||    34
Evoke: Wand              |       |       |    10 |    12 ||    22
       Lightning rod     |       |       |       |     6 ||     6
  Use: Scroll            |     2 |       |     1 |    13 ||    16
       Potion            |     1 |       |       |     8 ||     9
 Stab: Sleeping          |     6 |     6 |     6 |     3 ||    21
       Distracted        |       |     1 |     2 |     4 ||     7
Armor: Leather armour    |    20 |     7 |    66 |   211 ||   304
       Ring mail         |       |    48 |   146 |       ||   194
       Plate armour      |       |       |       |    37 ||    37
Dodge: Dodged            |    29 |    65 |   154 |   257 ||   505
Block: Tower shield      |       |   127 |   376 |   568 ||  1071
